cohdb
Replays
Latest Replays
All Replays
Popular Replays
Top Player Replays
Match Explorer
How It Works
Community
CoH3 Stats
Reddit
Sign in to upload your games and track your stats! →
Sign in with Steam
Match 38035991
Unlisted
Match 38035991
Overview
Messages
Build Orders
End
Selects Special Operations Battlegroup
Construct Barracks
Riflemen Squad
Riflemen Squad
Grenade Package
Riflemen Squad
Construct Medical Station
Infantry Support Center
Selects M29 Weasel with M1 Pack Howitzer
M29 Weasel with M1 Pack Howitzer
Selects Raiding Flares
M29 Weasel with M1 Pack Howitzer
Construct Tank Depot
Raiding Flares
M4A1 Sherman Medium Tank
Selects P-47 Anti-Infantry Loiter
M4A1 Sherman Medium Tank
Captain Retinue
M18 Hellcat Tank Destroyer
Riflemen Squad
P-47 Anti-Infantry Loiter
Scout Squad
Selects M4A1 Sherman Whizbang
M4A1 Sherman Whizbang
M4A1 Sherman Medium Tank
Raiding Flares
Selects SSF Commando Squad
TossarN
Albatross
monkaW
UH|dun! ツ
Umad
Bloodlord
0
0
Comments
sign in to comment!
No comments posted yet!